 Dungeon Crawl Stone Soup version 0.21.0-25-ge575cb9 (webtiles) character file.

79 lydgate the Grave Robber (level 4, -13/30 HPs)
             Began as a Demonspawn Necromancer on Jan 24, 2018.
             Was a Follower of Nemelex Xobeh.
             Killed by divine providence
             ... invoked by an orc priest
              (14 damage)
             ... on level 4 of the Dungeon.
             The game lasted 00:14:40 (1858 turns).

lydgate the Grave Robber (Demonspawn Necromancer)   Turns: 1858, Time: 00:14:42

Health: -13/30     AC:  5    Str: 14    XL:     4   Next: 16%
Magic:  8/8        EV: 12    Int: 17    God:    Nemelex Xobeh [*.....]
Gold:   60         SH:  0    Dex: 15    Spells: 7/9 levels left

rFire    . . .     SeeInvis .   s - staff of earth
rCold    . . .     Gourm    .   (no shield)
rNeg     . . .     Faith    .   a - +0 robe
rPois    .         Spirit   .   (no helmet)
rElec    .         Reflect  .   (no cloak)
rCorr    .         Harm     .   i - +0 pair of gloves
MR       .....     Rnd*Tele +   (no boots)
Stlth    ++........             (no amulet)
HPRegen  0.10/turn              (no ring)
MPRegen  0.11/turn              (no ring)

@: mighty, about to teleport, berserk cooldown, slowed, very slow
A: slimy green scales 1, agile 1, blurry vision 1, teleportitis 1
a: Renounce Religion


You were on level 4 of the Dungeon.
You worshipped Nemelex Xobeh.
Nemelex Xobeh was aware of your devotion.
You were not hungry.

You visited 1 branch of the dungeon, and saw 4 of its levels.

You collected 60 gold pieces.

Inventory:

Hand Weapons
 e - a +1 short sword
Armour
 a - a +0 robe (worn)
 i - a +0 pair of gloves (worn)
Magical Staves
 s - an uncursed staff of earth (weapon)
Wands
 t - a wand of iceblast (7)
Scrolls
 g - a scroll of noise
 k - a scroll of magic mapping
 p - 2 scrolls of enchant weapon
 r - a scroll of teleportation
Potions
 o - a potion of lignification {unknown}
Books
 b - a book of Necromancy

   Spells                             Type                      Level
   a - Pain                           Necromancy                   1
   b - Animate Skeleton               Necromancy                   1
   c - Vampiric Draining              Necromancy                   3
   d - Regeneration                   Charms/Necromancy            3
   e - Animate Dead                   Necromancy                   4
   f - Borgnjor's Vile Clutch         Necromancy/Earth             5
Miscellaneous
 m - a plain deck of escape {drawn: 6}
Comestibles
 c - 8 rations
 h - 7 chunks of flesh


   Skills:
 - Level 0.5 Short Blades
 + Level 2.0 Dodging
 + Level 1.8 Stealth
 + Level 3.0 Spellcasting
 + Level 5.3 Necromancy


You had 7 spell levels left.
You knew the following spells:

 Your Spells              Type           Power        Failure   Level  Hunger
a - Pain                  Necr           ###.         1%          1    None
b - Animate Skeleton      Necr           N/A          1%          1    None


Dungeon Overview and Level Annotations

Branches:
Dungeon (3/15)             Temple (0/1) D:4

Altars:
Nemelex Xobeh
Uskayaw

Annotations:
D:4 Eustachio


Innate Abilities, Weirdness & Mutations

You are partially covered in slimy green scales. (AC +2)
You are agile. (Dex +2)
Scrolls take you a little longer to read.
You are occasionally teleported next to monsters.


Message History

The orc hits you but does no damage. The orc wizard closely misses you.
The jackal bites you but does no damage.
Really read with blurry vision while enemies are nearby?
Uppercase [Y]es or [N]o only, please.
Really read with blurry vision while enemies are nearby?
You begin reading the scroll.
You continue reading the scroll.
The orc wizard gestures at you while chanting.
You feel yourself slow down. The orc closely misses you.
The jackal barely misses you.
As you read the scroll labeled ZESURO KUEQAWN, it crumbles to dust.
You feel strangely unstable.
It was a scroll of teleportation.
You barely miss the jackal. The orc wizard casts a spell at you.
The magic dart hits you!
* * * LOW HITPOINT WARNING * * *
The jackal closely misses you.
The orc priest calls down the wrath of Beogh upon you.
Beogh smites you!
You die...
Your body glows slightly and disappears.

,,*≈_,≈,,,,,,,,,,,,,,,,,,,,* *,,<
**≈*,,,≈*,,,,,******,,,,,,<***,,,
*♣♣♣.≈*,******* *,,,,,,,,,,,,,
**.≈.,≈***** *,,,,,,,******
,**≈.,**,,,** *,,,,,,,*
,**#.*****,,*****##*,,∩,,,,* ,*
#.### **,,,,,,o#####.**,*
,**#...##########oooo...**,* **
,,**#.......Wahh@oSooo.#**,* **,
*,**#.###############o..**,* *,,
#.,*#.# ************,,<,,,,****,*
*#.##a# *,,,,,,,,,,,,,,,,,,,,,,,,
#....###********,,******,,,**,,,
####...## **,#* ***,,,,**
#.#..#### *,.* **,,,,,** *
#.##.a..# *.#*******,,**,,,* *
#.#####@# *#.# *,,,,,,****,,,


You could see a phantom (inner flame), a worker ant (inner flame), 2 orc
priests, an orc wizard (inner flame), an adder (inner flame), 7 orcs and 2
jackals.

Vanquished Creatures
  A worker ant (D:4)
  An adder (D:2)
  A leopard gecko (D:2)
  4 orcs (D:3)
  4 bats
  3 giant cockroaches
  3 goblins
  2 hobgoblins
  3 jackals (D:1)
  3 kobolds
  2 ball pythons
  2 frilled lizards
  4 rats
33 creatures vanquished.

Vanquished Creatures (collateral kills)
  An adder (D:2)
  3 goblins (D:1)
4 creatures vanquished.

Grand Total: 37 creatures vanquished

Notes
Turn   | Place    | Note
-------+----------+-------------------------------------------
     0 | D:1      | lydgate the Demonspawn Necromancer began the quest for the Orb.
     0 | D:1      | Reached XP level 1. HP: 13/13 MP: 3/3
    59 | D:1      | Learned a level 1 spell: Animate Skeleton
   220 | D:1      | Found a sparkling altar of Nemelex Xobeh.
   229 | D:1      | Became a worshipper of Nemelex Xobeh the Trickster
   276 | D:1      | Gained mutation: You are partially covered in slimy green scales. (AC +2) [demonic ancestry]
   276 | D:1      | Reached XP level 2. HP: 18/19 MP: 1/5
   325 | D:1      | Reached skill level 5 in Necromancy
   761 | D:1      | Received a gift from Nemelex Xobeh
   988 | D:2      | Found a hide-covered altar of Uskayaw.
  1151 | D:2      | Reached XP level 3. HP: 22/24 MP: 2/6
  1470 | D:2      | Reached * piety under Nemelex Xobeh
  1589 | D:3      | Gained mutation: You are occasionally teleported next to monsters. [potion of mutation]
  1589 | D:3      | Gained mutation: Scrolls take you a little longer to read. [potion of mutation]
  1589 | D:3      | Gained mutation: You are agile. (Dex +2) [potion of mutation]
  1763 | D:3      | Noticed a scorpion
  1797 | D:3      | You fall through a shaft!
  1797 | D:4      | Noticed Eustachio
  1816 | D:4      | Noticed a phantom
  1836 | D:4      | Reached XP level 4. HP: 19/30 MP: 8/8
  1840 | D:4      | HP: 1/30 [orc (5)]
  1858 | D:4      | HP: 1/30 [orc wizard/magic dart (4)]
  1858 | D:4      | Killed from afar by an orc priest

Skill      XL: |  1  2  3 |
---------------+----------+-----
Necromancy     | 5 |  5.3
Dodging        | 2 |  2.0
Spellcasting   | 3 |  3.0
Short Blades   | |  0.5
Stealth        | |  1.8

Action                   |  1- 3 |  4- 6 || total
-------------------------+-------+-------++-------
Melee: Short sword       |    25 |       ||    25
       Staff             |    11 |     7 ||    18
 Cast: Pain              |    51 |       ||    51
       Animate Skeleton  |    14 |       ||    14
Evoke: Deck              |     1 |     5 ||     6
  Use: Scroll            |     2 |     4 ||     6
       Potion            |     4 |     2 ||     6
  Eat: Chunk             |     2 |       ||     2
       Ration            |     1 |       ||     1
Armor: Robe              |    16 |     9 ||    25
Dodge: Dodged            |    38 |    27 ||    65
